 Dungeon Crawl Stone Soup version 0.27-a0-1065-ge809cff456 (webtiles) character file.

Game seed: 15655911577310165831

135 kae the Ruffian (level 4, -5/36 HPs)
             Began as a Draconian Transmuter on Apr 22, 2021.
             Succumbed to a water moccasin's poison
             ... on level 5 of the Dungeon.
             The game lasted 00:01:28 (3085 turns).

kae the Ruffian (Draconian Transmuter)              Turns: 3085, Time: 00:01:29

Health: -5/36      AC:  2    Str: 13    XL:     4   Next: 97%
Magic:  4/7        EV: 19    Int: 13    God:
Gold:   52         SH:  0    Dex: 17    Spells: 3/7 levels left

rFire    . . .     SeeInvis .     - Unarmed
rCold    . . .     Faith    .   (shield currently unavailable)
rNeg     . . .     Spirit   .   (armour unavailable)
rPois    x         Reflect  .   (helmet currently unavailable)
rElec    .         Harm     .   (cloak currently unavailable)
rCorr    +         Rampage  .   (gloves currently unavailable)
Will     .....                  (boots currently unavailable)
Stlth    ++........             (no amulet)
HPRegen  0.12/turn              a - ring of resist corrosion
MPRegen  0.10/turn              (no ring)

@: lethally poisoned (-5 -> -43), spider-form
A: venomous fangs, AC +5, tiny, unfitting armour, (cold-blooded)
a: End Transformation


You were on level 5 of the Dungeon.
You were a venomous arachnid creature.
You visited 1 branch of the dungeon, and saw 5 of its levels.

You collected 52 gold pieces.

Inventory:

Jewellery
 a - a ring of resist corrosion (left front leg)
Wands
 b - a wand of acid (8)
Scrolls
 c - a scroll of silence {unknown}
 f - a scroll of holy word {unknown}
 h - a scroll of fog
 j - a scroll of amnesia {unknown}
Potions
 d - 2 potions of heal wounds
 e - a potion of haste {unknown}
 g - a potion of degeneration
 i - a potion of flight


   Skills:
 + Level 2.0 Fighting
 + Level 2.3 Dodging
 * Level 3.9 Unarmed Combat
 + Level 2.3 Spellcasting
 * Level 3.1 Transmutations
 * Level 1.3 Poison Magic


You had 3 spell levels left.
You knew the following spells:

 Your Spells              Type           Power      Damage    Failure   Level
a - Beastly Appendage     Tmut           18%        N/A       19%         1
b - Spider Form           Tmut/Pois      3%         N/A       52%         3

Your spell library contained the following spells:

 Spells                   Type           Power      Damage    Failure   Level
 Sting                    Tmut/Pois      28%        1d4       24%         1
 Wereblood                Tmut           9%         N/A       26%         2
 Summon Small Mammal      Summ           4%         N/A       45%         1
 Poisonous Vapours        Pois/Air       6%         N/A       50%         2
 Call Imp                 Summ           1%         N/A       58%         2
 Ignite Poison            Fire/Tmut/Pois 5%         N/A       61%         3
 Mephitic Cloud           Conj/Pois/Air  2%         N/A       73%         3
 Call Canine Familiar     Summ           1%         N/A       78%         3
 Confusing Touch          Hex            1%         N/A       78%         3
 Gell's Gravitas          Tloc           0%         N/A       78%         3
 Summon Guardian Golem    Hex/Summ       1%         N/A       78%         3
 Ice Form                 Ice/Tmut       5%         N/A       91%         4
 Petrify                  Tmut/Erth      5%         N/A       91%         4
 Olgreb's Toxic Radiance  Pois           5%         N/A       92%         4
 Hydra Form               Tmut           4%         N/A       96%         5
 Summon Ice Beast         Ice/Summ       1%         N/A       98%         4
 Summon Lightning Spire   Summ/Air       1%         N/A       98%         4
 Yara's Violent Unravell  Hex/Tmut       2%         3d3       99%         5
 Metabolic Englaciation   Hex/Ice        0%         N/A       100%        5


Dungeon Overview and Level Annotations

Branches:
Dungeon (6/15)
 Temple: D:4-7

Altars:
Makhleb

Annotations:
D:3 1 runed translucent door, ma3's ghost, amateur OpTm


Innate Abilities, Weirdness & Mutations

You are a venomous arachnid creature.
You have poisonous fangs.
You are tiny and dextrous.
Your spellcasting is less reliable in this form.
Your armour is entirely melded.
You are incapable of wielding weapons or throwing items.
((Your plain brown scales are hard. (AC +5)))
You cannot fit into any form of body armour.
((You are cold-blooded and may be slowed by cold attacks.))


Message History

A water moccasin comes into view.
The water moccasin hisses angrily.
A water moccasin is nearby!
Casting: Beastly Appendage (safe; 7% risk of failure)
Confirm with . or Enter, or press ? or * to list all spells.
The spell is quite dangerous to cast (30% risk of failure)!
Continue anyway? [Y]es or [N]o only, please.
The spell is quite dangerous to cast (30% risk of failure)!
Continue anyway?
You turn into a venomous arachnid creature.
You hit the water moccasin.
The water moccasin is lightly wounded.
The water moccasin bites you!
You are poisoned.
The water moccasin poisons you!
You hit the water moccasin.
The water moccasin is poisoned.
The water moccasin is lightly wounded.
You feel very sick.
The water moccasin bites you but does no damage.
The water moccasin bites you.
You are too injured to fight recklessly!
You are too injured to fight recklessly!
You are too injured to fight recklessly!
You are too injured to fight recklessly!
You are too injured to fight recklessly!
You are too injured to fight recklessly!
You hit the water moccasin.
The water moccasin is moderately wounded.
You feel very sick. The water moccasin bites you.
You are more poisoned.
The water moccasin poisons you!
You hit the water moccasin but do no damage.
The water moccasin looks as sick as possible!
The water moccasin is moderately wounded.
* * * LOW HITPOINT WARNING * * *
You feel extremely sick.
The water moccasin bites you but does no damage.
You barely miss the water moccasin.
The water moccasin is heavily wounded.
You die...

### #..#### ##..#
#.## ####).# ##..#
##..).## #...###
#####..###.###.##..#
#..#...# #.##..##.#.
#....# #....##.###
#s##..##....#..
#.S###..#......####
#.####...#.....#...
.. ##............##
#.# ............###
.. .......##..## ...
.......##...## ##..
#..(.#..#..##
#...#.###..##


You could see a water moccasin (extremely poisoned).

Vanquished Creatures
  A hound (D:6)
  An iguana (D:5)
  2 adders
  A white imp (D:5)
  A worm (D:3)
  2 dart slugs
  4 orcs
  2 ball pythons
  3 bats
  3 endoplasms
  3 giant cockroaches
  2 goblins (D:2)
  3 hobgoblins
  3 quokkas
  3 frilled lizards (D:3)
  5 kobolds
  4 rats
43 creatures vanquished.

Notes
Turn   | Place    | Note
-------+----------+-------------------------------------------
     0 | D:1      | kae the Draconian Transmuter began the quest for the Orb.
     0 | D:1      | Reached XP level 1. HP: 16/16 MP: 3/3
   309 | D:1      | Reached XP level 2. HP: 23/23 MP: 3/5
  1316 | D:2      | Reached XP level 3. HP: 3/28 MP: 4/6
  1607 | D:2      | Found a faded altar of an unknown god.
  1650 | D:2      | Learned a level 3 spell: Spider Form
  2217 | D:3      | Found a runed translucent door.
  2232 | D:3      | Noticed a bullfrog
  2233 | D:3      | Noticed ma3's ghost (amateur OpTm)
  2298 | D:3      | You fall into a shaft and drop 3 floors!
  2517 | D:6      | Found a burning altar of Makhleb.
  2577 | D:6      | Reached skill level 1 in Poison Magic
  2577 | D:6      | Reached XP level 4. HP: 27/36 MP: 7/7
  2672 | D:5      | Entered Level 5 of the Dungeon
  2708 | D:5      | Noticed an ogre
  3077 | D:5      | Noticed a water moccasin
  3085 | D:5      | Succumbed to a water moccasin's poison

Illustrated notes

Levels and vault maps discovered:
D:1:      dpeg_arrival_shelter, layout_basic, minmay_misc_feat_rugged
D:2:      layout_basic, basic_ecumenical_altar, nicolae_underground_beach
D:3:      layout_rooms, gup_sewer_entry_bubbles, ebering_ghost_sewer_d,
          serial_shops, nicolae_shop_crystal, uniq_sigmund
D:5:      layout_layer_cave
D:6:      layout_rooms, kennysheep_mini, jmf_multi_god_temple,
          minmay_temple_entry_hall, serial_shops, shop_statue, uniq_eustachio

Skill      XL: |  1  2  3  4 |
---------------+-------------+-----
Dodging        | 2 |  2.3
Poison Magic   | 1 |  1.3
Fighting       | 2 |  2.0
Transmutations | 3 |  3.1
Unarmed Combat | |  3.9
Spellcasting   | |  2.3

Action                   |  1- 3 |  4- 6 || total
-------------------------+-------+-------++-------
Melee: Unarmed           |   124 |    27 ||   151
       Tailslap          |    13 |     2 ||    15
       Kick              |     9 |     3 ||    12
       Headbutt          |     6 |     7 ||    13
       Punch             |     4 |       ||     4
 Cast: Beastly Appendage |    22 |     3 ||    25
       Spider Form       |       |     1 ||     1
  Use: Scroll            |     8 |       ||     8
       Potion            |     2 |       ||     2
Armor: Skin              |    21 |     4 ||    25
Dodge: Dodged            |    88 |    11 ||    99

Table legend: (Time is in decaauts)
 A = Elapsed time spent in this place.
 B = Non-inter-level travel time spent in this place.
 C = Inter-level travel time spent in this place.
 D = Time resting spent in this place.
 E = Time spent auto-exploring this place.
 F = Levels seen in this place.
 G = Mean time per level.
                   A        B        C        D        E       F      G
               +--------+--------+--------+--------+--------+-----+--------+
         Total |   3078 |   3044 |     34 |      7 |   2676 |   5 |  615.6 |
       Dungeon |   3078 |   3044 |     34 |      7 |   2676 |   5 |  615.6 |
               +--------+--------+--------+--------+--------+-----+--------+

Top non-repeatable levels by time:
     D:1: 1210 daAuts
     D:2: 927 daAuts
     D:5: 411 daAuts
     D:6: 372 daAuts
     D:3: 158 daAuts
